 Dungeon Crawl Stone Soup version 0.31-a0-354-g827e0957a7 (webtiles) character file.

Game seed: 11755730613805009998

141 randomguy2701 the Chopper (level 5, -6/44 (46) HPs)
             Began as a Hill Orc Monk on July 24, 2023.
             Mangled by Crazy Yiuf
             ... wielding a +4 quarterstaff of chaos
              (7 damage)
             ... on level 2 of the Dungeon.
             The game lasted 00:02:32 (1856 turns).

randomguy2701 the Chopper (Hill Orc Monk)           Turns: 1856, Time: 00:02:32

HP:   -6/44 (46)    AC:  5    Str: 16    XL:     5   Next: 24%
MP:   1/5           EV: 11    Int: 10    God:
Gold: 163           SH:  0    Dex: 13    Spells: 4/4 levels left

rFire   . . .        a - +0 hand axe
rCold   . . .        d - orb {light}
rNeg    . . .        f - +0 ring mail
rPois   .            (no helmet)
rElec   .            (no cloak)
rCorr   .            (no gloves)
SInv    .            (no boots)
Will    .....        (no amulet)
Stlth   +            (no ring)
HPRegen 0.27/turn    (no ring)
MPRegen 0.09/turn

%: no passive effects
@: glowing, lightly drained
A: no striking features
a: no special abilities


You were on level 2 of the Dungeon.
You visited 1 branch of the dungeon, and saw 2 of its levels.

You collected 163 gold pieces.

Inventory:

Hand Weapons
 a - a +0 hand axe (weapon)
Armour
 d - an orb of light (worn)
 f - a +0 ring mail (worn)
Scrolls
 b - a scroll of revelation {unknown}
 e - a scroll of vulnerability {unknown}
 h - 3 scrolls of identify {unknown}
 k - 2 scrolls of amnesia {unknown}
Potions
 c - a potion of ambrosia
 g - a potion of lignification {unknown}
 i - a potion of heal wounds {unknown}
 j - a potion of mutation {unknown}


   Skills:
 + Level 4.2 Fighting
 + Level 6.1 Axes
 + Level 2.2 Armour
 + Level 2.8 Dodging


You had 4 spell levels left.
You didn't know any spells.
Your spell library contained the following spells:

 Spells                   Type           Power      Damage    Failure   Level
 Hailstorm                Conj/Ice       0%         3d3       91%         3
 Portal Projectile        Hex/Tloc       0%         N/A       91%         3
 Tukima's Dance           Hex            0%         N/A       91%         3
 Iskenderun's Mystic Bla  Conj/Tloc      0%         2d3       100%        4
 Summon Ice Beast         Ice/Summ       0%         N/A       100%        4
 Simulacrum               Ice/Necr       0%         N/A       100%        6


Dungeon Overview and Level Annotations

Branches:
Dungeon (2/15)

Altars:
Uskayaw

Annotations:
D:2 Crazy Yiuf


Message History

There is an open door here.
You see here a +0 leather armour.
There is a stone staircase leading down here.
You see here a +0 dagger.
You see here 5 stones.
Crazy Yiuf shouts!
Could not explore, unopened runed door.
There's nothing to close nearby.
As you open the door, it creaks loudly!
Crazy Yiuf laughs, "Flower!
Snurf sanguine stair."
Crazy Yiuf hits you with a +4 quarterstaff of chaos!
Crazy Yiuf freezes you.
There is an open translucent door here.
You barely miss Crazy Yiuf.
Crazy Yiuf hits you with a +4 quarterstaff of chaos.
You feel your power leaking away.
You hit Crazy Yiuf.
Crazy Yiuf is lightly wounded.
Crazy Yiuf completely misses you.
You hit Crazy Yiuf but do no damage. Crazy Yiuf closely misses you.
You hit Crazy Yiuf.
Crazy Yiuf is moderately wounded.
Crazy Yiuf says, "Rot!
Cod bag toodlewoodle."
Crazy Yiuf hits you with a +4 quarterstaff of chaos!
Crazy Yiuf burns you.
You are too injured to fight recklessly!
You are too injured to fight recklessly!
You are too injured to fight recklessly!
You are too injured to fight recklessly!
You are too injured to fight recklessly!
You slash Crazy Yiuf!
Crazy Yiuf is severely wounded.
Crazy Yiuf hits you with a +4 quarterstaff of chaos!
* * * LOW HITPOINT WARNING * * *
You feel drained.
* * * LOW HITPOINT WARNING * * *
You hit Crazy Yiuf.
Crazy Yiuf is almost dead.
Crazy Yiuf hits you with a +4 quarterstaff of chaos!
You die...

(>#
##.................#(####
..# #................##.#
..#
##.###########....##.####
### #..# #....##..... #
#..# ##### #....#######
#########..# #)..#
######## ##.........#
#...# #......#
##.........# #.g.#
#..###.# ##.........# #@#
#.)# #.# #.........# ♣.♣♣
#..# #.# #.........# ♣♣.♣
#..# #.# #.........# ♣.♣♣
#..# #.# #.........# ♣♣.♣
######.## ###########
♣♣.♣♣ #......#
#########..# ♣♣PP.♣
#......# ...........#
♣P.P.♣ #......#
...######..# #....#
#......###


You could see Crazy Yiuf.

Vanquished Creatures
  Jessica (D:2)
  4 adders (D:2)
  2 gnolls
  2 worms (D:2)
  2 dart slugs
  2 bats
  6 endoplasms
  3 giant cockroaches (D:1)
  5 goblins
  5 hobgoblins
  A quokka (D:2)
  8 ball pythons
  2 frilled lizards (D:2)
  2 kobolds (D:1)
  5 rats
50 creatures vanquished.

Notes
Turn   | Place    | Note
-------+----------+-------------------------------------------
     0 | D:1      | randomguy2701 the Hill Orc Monk began the quest for the
                  | Orb.
     0 | D:1      | Reached XP level 1. HP: 19/19 MP: 1/1
     0 | D:1      | Noticed a tentacled monstrosity
     0 | D:1      | Noticed a tentacled monstrosity
     2 | D:1      | Noticed a large abomination
     4 | D:1      | Noticed a shadow dragon
     6 | D:1      | Noticed an ice dragon
     7 | D:1      | Noticed a tentacled monstrosity
     9 | D:1      | Noticed an orb of fire
    10 | D:1      | Noticed a tentacled monstrosity
    12 | D:1      | Noticed a yellow draconian
    14 | D:1      | Noticed a shadow dragon
    16 | D:1      | Noticed a tentacled monstrosity
    16 | D:1      | Noticed a large abomination
    18 | D:1      | Noticed an orb of fire
    20 | D:1      | Noticed an ice dragon
    20 | D:1      | Noticed an ice dragon
    22 | D:1      | Noticed an ice dragon
   108 | D:1      | Reached XP level 2. HP: 23/27 MP: 2/2
   216 | D:1      | Found a faded altar of an unknown god.
   233 | D:1      | Reached XP level 3. HP: 27/33 MP: 3/3
   693 | D:2      | Found a hide-covered altar of Uskayaw.
   862 | D:2      | Reached skill level 1 in Armour
   959 | D:2      | Reached skill level 5 in Axes
  1086 | D:2      | Reached XP level 4. HP: 23/40 MP: 4/4
  1160 | D:2      | Noticed Jessica
  1178 | D:2      | Killed Jessica
  1525 | D:2      | Found a runed translucent door.
  1526 | D:2      | Noticed Crazy Yiuf
  1567 | D:2      | Reached skill level 6 in Axes
  1567 | D:2      | Reached XP level 5. HP: 44/46 MP: 5/5
  1855 | D:2      | HP: 1/44 [Crazy Yiuf/+4 quarterstaff of chaos (4)]
  1856 | D:2      | Mangled by Crazy Yiuf

Illustrated notes

Levels and vault maps discovered:
D:1:      shiori_arrival_whats_in_store_for_you, layout_basic,
          ebering_ecumenical_altar_abandoned
D:2:      kennysheep_six_static_rooms, layout_basic, basic_altar, uniq_jessica,
          uniq_crazy_yiuf_cottage

Skill      XL: |  1  2  3  4  5 |
---------------+----------------+-----
Fighting       | 4 |  4.2
Armour         | 1 2 |  2.2
Axes           | 5 6 |  6.1
Dodging        | |  2.8

Action                     |  1- 3 |  4- 6 || total
---------------------------+-------+-------++-------
  Melee: Hand axe          |    96 |    75 ||   171
 Armour: Robe              |     6 |       ||     6
         Ring mail         |    19 |    13 ||    32
  Dodge: Dodged            |    42 |    39 ||    81

Table legend: (Time is in decaauts)
 A = Elapsed time spent in this place.
 B = Non-inter-level travel time spent in this place.
 C = Inter-level travel time spent in this place.
 D = Time resting spent in this place.
 E = Time spent auto-exploring this place.
 F = Levels seen in this place.
 G = Mean time per level.
                   A        B        C        D        E       F      G
               +--------+--------+--------+--------+--------+-----+--------+
         Total |   1868 |   1852 |     16 |      0 |   1509 |   2 |  934.0 |
       Dungeon |   1868 |   1852 |     16 |      0 |   1509 |   2 |  934.0 |
               +--------+--------+--------+--------+--------+-----+--------+

Top non-repeatable levels by time:
     D:2: 1171 daAuts
     D:1: 697 daAuts
